Map: Tours du crépuscule

Players

zidar - Winner!

  • Race: Zerg Zerg
  • League: Gold
  • Spawn Location: 1:00

Zam

  • Race: Protoss Protoss
  • League: Gold
  • Spawn Location: 7:00

VOD

Have the link to the VOD?

Description

Time

  • Played on: June 16, 2016, 11:08 a.m.
  • Length: 16:15
Show
View Real Time Build Order
Export as new Build Order

zidar Zerg - Winner!

Build Orders: Pool First 

Get SALT Encoding   

  12  0:01  Drone  
  13  0:12  Overlord  
  13  0:17  Drone  
  14  0:30  Drone x2  
  16  0:42  Spawning Pool  
  16  0:45  Drone  
  16  1:10  Hatchery  
  16  1:11  Drone  
  16  1:18  Extractor, Drone  
  16  1:33  Queen  
  16  1:39  Drone  
  19  1:49  Drone  
  19  1:50  Drone  
  20  2:00  Drone  
  21  2:05  Overlord  
  21  2:10  Queen, Extractor  
  23  2:20  Metabolic Boost  
  23  2:45  Drone x6  
  23  2:49  Extractor  
  28  2:54  Roach Warren  
  28  2:57  Pneumatized Carapace  
  27  3:13  Zergling x10  
  32  3:25  Evolution Chamber  
  32  3:26  Lair  
  31  4:01  Drone x5  
  36  4:06  Overlord x3  
  37  4:24  Drone x4  
  40  4:32  Hydralisk Den  
  39  5:00  Hatchery  
  37  5:24  Overlord  
  37  5:25  Overlord  
  37  5:29  Roach x11  
  59  5:54  Zergling x14  
  65  6:07  Drone x4  
  65  6:09  Ravager x2  
  65  6:10  Ravager x3  
  71  6:21  Queen  
  71  6:25  Zerg Melee Weapons Level 1  
  73  6:32  Drone x2  
  75  6:33  Evolution Chamber  
  75  6:38  Drone x3  
  75  6:39  Extractor, Drone x2  
  78  6:44  Drone x4  
  82  6:48  Overlord  
  82  7:10  Drone x4  
  82  7:14  Extractor  
  85  7:17  Drone x5  
  87  7:44  Hydralisk x3  
  89  7:57  Zerg Missile Weapons Level 1  
  89  8:03  Overlord  
  89  8:04  Overlord x4  
  89  8:15  Hatchery, Drone  
  89  8:25  Drone x6  
  89  8:26  Drone  
  96  8:43  Drone x2  
  96  8:44  Drone  
  99  8:55  Hydralisk x7  
  99  8:56  Hydralisk x3  
  99  8:57  Roach x2  
  123  9:02  Hatchery  
  123  9:07  Extractor, Drone  
  123  9:08  Drone x3  
  125  9:14  Extractor  
  125  9:16  Muscular Augments  
  124  9:19  Zerg Ground Armor Level 1  
  124  9:30  Hydralisk  
  124  9:31  Hydralisk  
  126  9:35  Overlord x4  
  126  9:36  Overlord  
  128  9:52  Queen  
  130  10:05  Overseer x3  
  130  10:11  Drone  
  130  10:12  Drone x2  
  133  10:16  Hydralisk x7  
  133  10:17  Hydralisk x5  
  133  10:19  Zergling x16  
  165  10:23  Zerg Missile Weapons Level 2  
  165  10:36  Hydralisk  
  165  10:37  Hydralisk x3  
  165  10:38  Zergling x2  
  165  10:40  Overlord x8  
  174  10:53  Overlord  
  174  10:54  Overlord x3  
  174  11:13  Lurker Den  
  174  11:21  Drone, Infestation Pit  
  174  11:22  Drone x2  
  176  11:39  Hydralisk  
  176  11:40  Hydralisk x5  
  176  11:41  Zergling x24  
  200  11:47  Zerg Ground Armor Level 2  
  200  12:00  Hive  
  171  14:02  Hydralisk x5  
  173  14:03  Zergling x10  
  173  14:04  Zergling x16  
  173  14:05  Zergling x12  
  196  14:50  Hydralisk x7  
  196  14:52  Hydralisk x2  
  200  14:54  Drone  
  200  14:55  Drone x3  
  190  15:06  Hydralisk  
  190  15:07  Hydralisk x4  
Show
View Real Time Build Order
Export as new Build Order

Zam Protoss 

Build Orders:  

Get SALT Encoding   

  12  0:02  Probe (Chrono Boost)  
  13  0:12  Probe (Chrono Boost)  
  14  0:24  Pylon  
  14  0:30  Pylon  
  14  0:32  Probe (Chrono Boost)  
  16  0:43  Probe (Chrono Boost)  
  16  0:49  Gateway  
  16  0:56  Probe (Chrono Boost)  
  17  1:04  Forge  
  17  1:07  Assimilator  
  17  1:13  Probe (Chrono Boost)  
  18  1:23  Assimilator  
  18  1:26  Probe (Chrono Boost)  
  19  1:36  Zealot  
  21  1:43  Photon Cannon  
  21  1:46  Cybernetics Core  
  21  2:00  Photon Cannon  
  21  2:08  Pylon  
  21  2:11  Probe (Chrono Boost)  
  22  2:17  Pylon  
  22  2:26  Warp Gate (Chrono Boost)  
  22  2:28  Probe  
  23  2:32  Stalker  
  25  2:43  Probe  
  26  2:49  Gateway  
  26  2:55  Probe  
  27  3:04  Zealot  
  29  3:08  Probe  
  30  3:17  Pylon  
  30  3:40  Nexus  
  30  3:44  Pylon  
  30  3:48  Pylon  
  30  4:00  Gateway  
  30  4:08  Twilight Council  
  30  4:20  Robotics Facility  
  30  4:29  Pylon  
  30  4:41  Photon Cannon  
  30  4:50  Photon Cannon  
  30  5:05  Zealot x2  
  32  5:16  Probe  
  33  5:26  Probe  
  34  5:34  Pylon  
  34  5:37  Probe  
  34  5:40  Photon Cannon  
  35  5:47  Probe  
  36  5:50  Probe, Gateway  
  36  5:52  Observer  
  38  5:58  Probe  
  38  5:59  Photon Cannon  
  38  6:02  Mothership Core  
  37  6:21  Stargate  
  37  6:24  Stargate  
  37  6:28  Pylon  
  37  6:38  Immortal  
  41  6:49  Probe (Chrono Boost)  
  41  6:54  Photon Cannon  
  42  7:00  Probe (Chrono Boost)  
  43  7:01  Photon Cannon  
  43  7:07  Probe (Chrono Boost)  
  44  7:10  Probe (Chrono Boost)  
  45  7:23  Probe (Chrono Boost)  
  45  7:26  Probe (Chrono Boost)  
  47  7:34  Probe (Chrono Boost), Assimilator  
  47  7:36  Probe (Chrono Boost)  
  49  7:39  Assimilator  
  49  7:45  Probe (Chrono Boost)  
  49  7:48  Void Ray (Chrono Boost)  
  54  7:55  Probe (Chrono Boost)  
  55  7:59  Void Ray (Chrono Boost)  
  59  8:06  Probe  
  59  8:09  Observer  
  61  8:18  Probe  
  62  8:21  Dark Shrine  
  62  8:30  Probe  
  62  8:31  Immortal  
  67  8:35  Void Ray (Chrono Boost)  
  67  8:37  Stalker  
  67  8:41  Zealot  
  75  8:43  Probe  
  75  8:47  Charge  
  76  8:52  Protoss Ground Weapons Level 1  
  76  9:28  Nexus  
  76  9:31  Nexus  
  76  9:37  Pylon  
  76  9:41  Warp Prism  
  78  9:48  Pylon  
  78  9:52  Pylon  
  78  9:53  Stalker  
  78  9:55  Stalker  
  82  10:05  Photon Cannon  
  82  10:21  Assimilator  
  82  10:26  Assimilator  
  82  10:27  Pylon  
  82  10:30  Pylon  
  82  10:35  Pylon  
  82  10:38  Probe  
  83  10:49  Probe x2  
  85  10:58  Photon Cannon  
  85  10:59  Stargate  
  85  11:00  Stargate, Probe x2  
  87  11:08  Zealot  
  87  11:09  Zealot  
  87  11:10  Probe x2  
  91  11:11  Zealot  
  95  11:21  Protoss Air Weapons Level 1, Probe x2  
  95  11:23  Observer  
  98  11:31  Probe  
  98  11:34  Photon Cannon  
  99  11:41  Stargate  
  99  11:43  Probe  
  100  11:54  Probe  
  108  11:56  Void Ray x2 (Chrono Boost)  
  108  11:57  Void Ray (Chrono Boost)  
  113  12:03  Void Ray (Chrono Boost)  
  113  12:04  Probe  
  118  12:13  Fleet Beacon  
  118  12:15  Probe  
  118  12:18  Pylon  
  118  12:21  Pylon  
  119  12:25  Probe  
  119  12:27  Gateway  
  119  12:29  Pylon  
  120  12:31  Pylon  
  120  12:36  Probe  
  118  12:39  Zealot  
  118  12:40  Dark Templar  
  99  12:46  Probe  
  67  12:52  Dark Templar  
  67  12:53  Dark Templar  
  67  12:57  Probe  
  57  13:07  Probe  
  57  13:11  Void Ray x3 (Chrono Boost)  
  66  13:15  Mothership Core  
  68  13:26  Nexus  
  57  13:50  Void Ray x2 (Chrono Boost)  
  59  13:56  Void Ray (Chrono Boost)  
  56  14:10  Mothership Core  
  49  15:03  Void Ray (Chrono Boost)  
  57  15:08  Void Ray (Chrono Boost)  
  57  15:11  Nexus  
  57  15:14  Probe  
  58  15:24  Probe  
Tags
 
Add a new tag
Caveats
  • Supply blocks, unpowered buildings, or Contaminate may cause inaccurate times.
  • Supply counts are checked every 10 seconds.